 Dungeon Crawl Stone Soup version 0.27-a0-988-g25969acef8 (webtiles) character file.

Game seed: 16119467518173224101

72 tardwrangler69 the Chiller (level 4, -5/33 HPs)
             Began as a Draconian Ice Elementalist on Apr 15, 2021.
             Slain by a kobold
             ... wielding a +0 mace
              (6 damage)
             ... on level 2 of the Dungeon.
             The game lasted 00:02:14 (2247 turns).

tardwrangler69 the Chiller (DrIE)                   Turns: 2247, Time: 00:02:15

Health: -5/33      AC:  5    Str: 10    XL:     4   Next: 6%
Magic:  4/8        EV: 12    Int: 17    God:
Gold:   99         SH:  0    Dex: 11    Spells: 1/8 levels left

rFire    . . .     SeeInvis .   i - +0 trident
rCold    . . .     Faith    .   (no shield)
rNeg     . . .     Spirit   .   (armour unavailable)
rPois    .         Reflect  .   (helmet restricted)
rElec    .         Harm     .   (no cloak)
rCorr    .         Rampage  .   (no gloves)
Will     .....                  (no boots)
Stlth    ++........             (no amulet)
HPRegen  0.11/turn              (no ring)
MPRegen  0.11/turn              (no ring)

@: no status effects
A: AC +5, unfitting armour, cold-blooded
a: no special abilities


You were on level 2 of the Dungeon.
You visited 1 branch of the dungeon, and saw 2 of its levels.

You collected 99 gold pieces.

Inventory:

Hand Weapons
 c - a +1 dagger of speed
 i - a +0 trident (weapon)
Scrolls
 d - 2 scrolls of teleportation {unknown}
 e - 2 scrolls of immolation {unknown}
Potions
 a - a potion of magic {unknown}
 b - a potion of mutation {unknown}
 f - a potion of haste {unknown}
 g - a potion of curing {unknown}
 h - a potion of might {unknown}


   Skills:
 - Level 1.7 Dodging
 - Level 1.7 Stealth
 + Level 2.8 Spellcasting
 * Level 5.1 Ice Magic


You had one spell level left.
You knew the following spells:

 Your Spells              Type           Power      Damage    Failure   Level
a - Freeze                Ice            80%        1d9       2%          1
b - Frozen Ramparts       Ice            40%        1d6       6%          3
c - Ozocubu's Armour      Ice            20%        N/A       6%          3

Your spell library contained the following spells:

 Spells                   Type           Power      Damage    Failure   Level
 Hailstorm                Conj/Ice       11%        3d5       52%         4
 Metabolic Englaciation   Hex/Ice        5%         N/A       86%         5


Dungeon Overview and Level Annotations

Branches:
Dungeon (2/15)

Altars:

Shops:
D:2 (

Annotations:
D:2 1 runed translucent door, Crazy Yiuf


Innate Abilities, Weirdness & Mutations

Your plain brown scales are hard. (AC +5)
You cannot fit into any form of body armour.
You are cold-blooded and may be slowed by cold attacks.


Message History

Robin is heavily wounded.
The wall freezes Robin.
Robin hits you with a +0 trident.
You barely miss Robin. You tail-slap Robin, but do no damage.
Robin is severely wounded.
The wall freezes Robin.
You kill Robin!
You have reached level 4!
You feel clever.
The wall freezes the hobgoblin.
The wall freezes the hobgoblin.
You kill the hobgoblin!
Unknown command.
The frozen ramparts melt away.
Your magical contamination has completely faded away.
A kobold is nearby!
Things that are here:
a +0 trident; a +0 animal skin; a +0 helmet
i - a +0 trident
i - a +0 trident (weapon)
You are too injured to fight recklessly!
You are too injured to fight recklessly!
Unknown command.
The kobold throws a stone.
The stone closely misses you.
You barely miss the kobold. The kobold misses you.
You closely miss the kobold. The kobold misses you.
A goblin comes into view. It is wielding a +2 vampiric dagger.
The kobold hits you with a +0 mace.
* * * LOW HITPOINT WARNING * * *
The goblin shouts!
You hit the kobold but do no damage. You tail-slap the kobold.
The kobold is heavily wounded.
The kobold hits you with a +0 mace.
* * * LOW HITPOINT WARNING * * *
Reach: i) +0 trident
Press: ? - help, Dir - move target, f - kobold
Aim: a kobold, wielding a +0 mace and quivering stones (heavily wounded, about 57% to evade your +0 trident)
You barely miss the kobold.
The kobold is heavily wounded.
The kobold hits you with a +0 mace.
You die...

...........#
'####(.....#
....#......# #####
....#......# #...#
....#......# #...#
....#..)...## #...#
..........).####...#####
............'..)...'.g..
.......>....##[.@K.##
............##..?..#
####........########
#.....##.. ..........#
...... ...# ..... ...#


You could see a goblin and a kobold.

Vanquished Creatures
  Robin (D:2)
  A dart slug (D:1)
  7 ball pythons
  3 bats
  4 endoplasms (D:1)
  A giant cockroach (D:1)
  11 goblins
  4 hobgoblins
  4 jackals (D:1)
  4 quokkas
  4 frilled lizards (D:1)
  3 kobolds (D:1)
  5 rats
52 creatures vanquished.

Notes
Turn   | Place    | Note
-------+----------+-------------------------------------------
     0 | D:1      | tardwrangler69 the Draconian Ice Elementalist began the
                  | quest for the Orb.
     0 | D:1      | Reached XP level 1. HP: 14/14 MP: 3/3
   306 | D:1      | Found a faded altar of an unknown god.
   309 | D:1      | You fall into a shaft and drop 1 floor!
   523 | D:1      | Reached XP level 2. HP: 15/20 MP: 5/5
  1105 | D:1      | Reached XP level 3. HP: 26/26 MP: 6/6
  1951 | D:2      | Learned a level 3 spell: Frozen Ramparts
  1955 | D:2      | Learned a level 3 spell: Ozocubu's Armour
  1961 | D:2      | Found a runed translucent door.
  1962 | D:2      | Noticed Crazy Yiuf
  2014 | D:2      | Found Ceacau Iffyi's Antique Weapon Boutique.
  2102 | D:2      | Reached skill level 5 in Ice Magic
  2207 | D:2      | Noticed Robin
  2217 | D:2      | Killed Robin
  2218 | D:2      | Reached XP level 4. HP: 10/33 MP: 1/8
  2246 | D:2      | HP: 1/33 [kobold/+0 mace (6)]
  2247 | D:2      | Slain by a kobold

Illustrated notes

Levels and vault maps discovered:
D:1:      lightli_arrival_boilingwater, layout_basic, basic_ecumenical_altar,
          minmay_pentomino_q2
D:2:      layout_basic, serial_shops, shop, uniq_robin, uniq_crazy_yiuf_cottage

Skill      XL: |  1  2  3 |
---------------+----------+-----
Ice Magic      | 5 |  5.1
Dodging        | |  1.7
Stealth        | |  1.7
Spellcasting   | |  2.8

Action                   |  1- 3 |  4- 6 || total
-------------------------+-------+-------++-------
Melee: Short sword       |    57 |       ||    57
       Unarmed           |    20 |       ||    20
       Tailslap          |    19 |     1 ||    20
       Dagger            |   125 |       ||   125
       Trident           |       |     4 ||     4
 Cast: Freeze            |     1 |       ||     1
       Frozen Ramparts   |     2 |       ||     2
 Stab: Sleeping          |     4 |       ||     4
Armor: Skin              |    56 |       ||    56
Dodge: Dodged            |   117 |     3 ||   120

Table legend: (Time is in decaauts)
 A = Elapsed time spent in this place.
 B = Non-inter-level travel time spent in this place.
 C = Inter-level travel time spent in this place.
 D = Time resting spent in this place.
 E = Time spent auto-exploring this place.
 F = Levels seen in this place.
 G = Mean time per level.
                   A        B        C        D        E       F      G
               +--------+--------+--------+--------+--------+-----+--------+
         Total |   2216 |   2184 |     32 |      0 |   1791 |   2 | 1108.0 |
       Dungeon |   2216 |   2184 |     32 |      0 |   1791 |   2 | 1108.0 |
               +--------+--------+--------+--------+--------+-----+--------+

Top non-repeatable levels by time:
     D:1: 1697 daAuts
     D:2: 519 daAuts
